 Dungeon Crawl Stone Soup version 0.31.0-11-ge490571c62 (webtiles) character file.

Game seed: 3010714406646339610

179017 Arcadio the Tortoise (level 17, -24/156 HPs)
             Began as an Armataur Gladiator on Jan 26, 2024.
             Was a High Priest of Okawaru.
             Killed from afar by an ironbound frostheart (70 damage)
             ... by creeping frost
             ... on level 1 of the Vaults.
             The game lasted 01:42:31 (41003 turns).

Arcadio the Tortoise (Armataur Gladiator)          Turns: 41003, Time: 01:42:33

Health: -24/156    AC: 37    Str: 37    XL:     17   Next: 28%
Magic:  28/28      EV: 12    Int:  6    God:    Okawaru [*****.]
Gold:   262        SH:  6    Dex: 20    Spells: 16/16 levels left

rFire   + + .        H - +2 eveningstar (spect)
rCold   x . .        Z - +0 buckler
rNeg    + . .        Y - +2 fire dragon scales
rPois   +            q - +2 helmet
rElec   .            E - +2 cloak
rCorr   .            D - +2 pair of gloves {Str+3}
SInv    +            b - +2 barding of Putuklu {rPois Str+3 Int-2 SInv}
Will    +++++        C - amulet of the Four Winds {rN+ Will+++ Clar} Stlth
                     o - ring "Ceperal" {Will+ Str+5 Dex+6}
HPRegen 0.46/turn    F - +5 ring of evasion
MPRegen 0.21/turn

%: clarity, roll
@: frozen, very slow
A: large, deformed body, tough skin 3, armoured tail, roll 2
}: 1/15 runes: decaying
a: Renounce Religion, Heroism, Finesse, Duel


You were on level 1 of the Vaults.
You worshipped Okawaru.
Okawaru was extremely pleased with you.
You visited 7 branches of the dungeon, and saw 29 of its levels.
You visited 1 bazaar.

You collected 4110 gold pieces.
You spent 3848 gold pieces at shops.

Inventory:

Hand Weapons
 H - a +2 spectral eveningstar (weapon)
Missiles
 c - 8 javelins
 d - 4 throwing nets
 i - 11 silver javelins (quivered)
Armour
 b - the +2 barding of Putuklu (worn) {rPois Str+3 Int-2 SInv}
   (Okawaru gifted it to you on level 5 of the Lair of Beasts)

   Str+3:     It affects your strength (+3).
   Int-2:     It affects your intelligence (-2).
   rPois:     It protects you from poison SInv: It lets you see invisible.
 e - the +2 pair of gloves "Ungarghu" {Harm rC+ Str+5 Int-4}
   (You found it on level 15 of the Dungeon)

   Str+5:     It affects your strength (+5).
   Int-4:     It affects your intelligence (-4).
   rC+:       It protects you from cold.
   Harm:      It increases damage dealt and taken.
 q - a +2 helmet (worn)
 s - +0 ice dragon scales
 D - a +2 pair of gloves of strength (worn)
 E - a +2 cloak (worn)
 Y - +2 fire dragon scales (worn)
 Z - a +0 buckler (worn)
Jewellery
 o - the ring "Ceperal" (left hand) {Will+ Str+5 Dex+6}
   (You bought it in a shop on level 2 of the Orcish Mines)

   [ring of dexterity]

   Str+5:     It affects your strength (+5).
   Dex+6:     It affects your dexterity (+6).
   Will+:     It increases your willpower.
 B - a ring of ice
 C - the amulet of the Four Winds (around neck) {rN+ Will+++ Clar}
   (You bought it in a shop on level 2 of the Orcish Mines)

   [amulet of nothing]

   rN+:       It protects you from negative energy.
   Will+++:   It greatly increases your willpower.
   Clar:      It protects you from confusion, rage, mesmerisation and fear.
 F - a +5 ring of evasion (right hand)
 G - the amulet of Fanaticism {Will++ Regen+ rCorr Str-5}
   (You bought it in a shop on level 2 of the Orcish Mines)

   [amulet of regeneration]

   Str-5:     It affects your strength (-5).
   Will++:    It greatly increases your willpower.
   Regen+:    It increases your rate of health regeneration.
   rCorr:     It protects you from acid and corrosion.
 M - a ring of fire
 W - a ring of protection from fire
Wands
 v - a wand of mindburst (27)
 x - a wand of charming (24)
 L - a wand of quicksilver (35)
 O - a wand of digging (10)
 P - a wand of iceblast (53)
 R - a wand of polymorph (11)
 X - a wand of flame (15)
Scrolls
 j - 3 scrolls of poison
 k - 7 scrolls of amnesia
 l - a scroll of acquirement {unknown}
 m - 13 scrolls of teleportation
 n - 3 scrolls of enchant armour
 r - 4 scrolls of identify
 u - 3 scrolls of fog
 y - 6 scrolls of blinking
 z - 5 scrolls of fear
 I - 3 scrolls of torment
 J - 3 scrolls of immolation
 U - 6 scrolls of revelation
Potions
 a - 2 potions of invisibility
 g - 5 potions of mutation
 h - 4 potions of resistance
 p - 3 potions of heal wounds
 t - 4 potions of haste
 w - 2 potions of enlightenment
 A - 5 potions of attraction
 K - 2 potions of curing
 N - 2 potions of lignification
 Q - 3 potions of cancellation
 S - a potion of brilliance
 T - 2 potions of might
 V - a potion of ambrosia


   Skills:
 + Level 15.2 Fighting
 + Level 15.3 Maces & Flails
 - Level 1.7 Throwing
 + Level 19.1 Armour
 - Level 2.1 Dodging
 - Level 5.0 Shields
 + Level 14.7 Invocations


You had 16 spell levels left.
You didn't know any spells.
Your spell library contained the following spells:

 Spells                   Type           Power      Damage    Failure   Level
 Apportation              Tloc           0%         N/A       65%         1
 Magic Dart               Conj           0%         1d3       65%         1
 Sandblast                Erth           0%         2d4       65%         1
 Blink                    Tloc           0%         N/A       78%         2
 Jinxbite                 Hex            0%         N/A       78%         2
 Scorch                   Fire           0%         2d5       78%         2
 Searing Ray              Conj           0%         2d4       78%         2
 Sublimation of Blood     Necr           0%         N/A       78%         2
 Passwall                 Erth           0%         N/A       95%         3
 Stone Arrow              Conj/Erth      0%         3d7       95%         3
 Volatile Blastmotes      Fire/Tloc      0%         2d10      95%         3
 Brom's Barrelling Bould  Conj/Erth      0%         2d3       100%        4
 Flame Wave               Conj/Fire      0%         2d4       100%        4
 Fulminant Prism          Conj/Alch      0%         3d5       100%        4
 Iskenderun's Mystic Bla  Conj/Tloc      0%         2d3       100%        4
 Manifold Assault         Tloc           0%         N/A       100%        4
 Petrify                  Alch/Erth      0%         N/A       100%        4
 Vhi's Electric Charge    Tloc/Air       0%         N/A       100%        4
 Alistair's Intoxication  Alch           0%         N/A       100%        5
 Arcjolt                  Conj/Air       0%         1d10      100%        5
 Borgnjor's Vile Clutch   Necr/Erth      0%         N/A       100%        5
 Irradiate                Conj/Alch      0%         3d11      100%        5
 Dispersal                Tloc           0%         N/A       100%        6
 Eringya's Noxious Bog    Alch           0%         4d6       100%        6
 Plasma Beam              Fire/Air       0%         2x1d10    100%        6
 Ozocubu's Refrigeration  Ice            0%         4d7       100%        7
 Disjunction              Tloc           0%         N/A       100%        8
 Polar Vortex             Ice            0%         N/A       100%        9
 Call Imp                 Summ           Unusable   N/A       N/A         2
 Sculpt Simulacrum        Ice/Alch       Unusable   N/A       N/A         6
 Summon Cactus Giant      Summ           Unusable   N/A       N/A         6

Dungeon Overview and Level Annotations

Branches:
Dungeon (15/15)            Temple (1/1) D:5            Lair (5/5) D:9
  Swamp (4/4) Lair:2        Snake (1/4) Lair:3        Slime (0/5) Lair:4
    Orc (2/2) D:9             Elf (0/3) Orc:2        Vaults (1/5) D:13
 Depths (0/4) D:15

Altars:
Ashenzari
Cheibriados
Dithmenos
Elyvilon
Fedhas
Gozag
Hepliaklqana
Kikubaaqudgha
Makhleb
Nemelex Xobeh
Okawaru
Qazlal
Ru
Sif Muna
Trog
Uskayaw
Vehumet
Wu Jian
Xom
Yredelemnul
Zin
The Shining One
Jiyva

Shops:
D:1 ?*   D:3 *   D:6 :   D:11 **   D:12 :   D:13 [*   Orc:2 :(((=

Annotations:
D:11 2 transporters, Pascal76's ghost, journeyman MiFi
Lair:4 Rupert
Lair:5 exclusion: upstairs
Orc:1 2 transporters, nms23's ghost, journeyman MiBe


Innate Abilities, Weirdness & Mutations

Armour fits poorly on your strangely shaped body.
You have extremely tough skin. (AC +3)
You have a long armoured tail.
You regenerate magic and health when rolling toward enemies. (Rampage Regen)


Message History

The slime creature quivers.
You roll towards the very large slime creature!
You puncture the very large slime creature!
You tail-slap the very large slime creature.
The very large slime creature is lightly wounded.
The ice encasing you melts away.
You beat the very large slime creature like a drum!!!
The very large slime creature is moderately wounded.
Two slime creatures merge to form an enormous slime creature.
You impale the enormous slime creature!!
The enormous slime creature is moderately wounded.
You bludgeon the enormous slime creature!!
You tail-slap the enormous slime creature.
The enormous slime creature is heavily wounded.
You sock the enormous slime creature!
You tail-slap the enormous slime creature.
The enormous slime creature is heavily wounded.
The enormous slime creature closely misses you.
You stick the enormous slime creature like a pincushion!!!
The enormous slime creature is severely wounded.
The ironbound frostheart calls freezing cold from the walls.
The frost grips you but does no damage.
You are encased in ice.
The enormous slime creature hits you!!!
You hit the enormous slime creature.
You tail-slap the enormous slime creature.
The enormous slime creature is severely wounded.
You barely miss the enormous slime creature.
The enormous slime creature is severely wounded.
The enormous slime creature hits you!!
The enormous slime creature attacks as it pursues you!
The enormous slime creature misses you. The ice encasing you melts away.
The ironbound frostheart calls freezing cold from the walls.
The frost grips you but does no damage.
You are encased in ice.
The enormous slime creature hits you!!
The ironbound frostheart calls freezing cold from the walls.
The frost grips you!!!
You feel a terrible chill!
You die...

## ############# #.
#....J.p...J# ##'
#.###p#####p###############..
#.......#p#...........'^'..
#.#####.#.#...........###..
#.' #J#...........# ##' #J
#.@...........# #. #.
#.#...........# ## #p
#.############# #.
#.###############
#########.#......[......#
........'.............#
#########.............#
#.............###
#.............#..


You could see an enormous slime creature, a slime creature and 2 ironbound
frosthearts.

Vanquished Creatures
  Mara (Arena)
  A quicksilver dragon (Vaults:1)
  Donald (Swamp:3)
  4 ironbound preservers
  An ironbound thunderhulk (Vaults:1)
  3 eleionomae
  Azrael (D:15)
  3 bunyips
  A shambling mangrove (Swamp:4)
  An ice dragon (D:15)
  2 fire dragons
  18 hydras
  30 two-headed ogres
  A vault guard (Vaults:1)
  6 ogre magi
  2 anacondas (Snake:1)
  2 catoblepae
  A boulder beetle (D:15)
  2 ironbound frosthearts (Vaults:1)
  8 centaur warriors
  3 alligators
  A tengu warrior (D:13)
  A shock serpent (Arena)
  2 spriggan berserkers
  6 skeletal warriors
  A skyshark (Lair:3)
  5 deep trolls (Vaults:1)
  3 goliath frogs
  6 spriggan druids
  10 swamp dragons
  A glowing orange brain (D:13)
  2 arcanists (Vaults:1)
  2 ironbound convokers (Vaults:1)
  4 bog bodies
  A harpy (shapeshifter) (D:13)
  2 lindwurms (Lair:5)
  4 orc knights
  Maurice (D:8)
  6 cyclopes
  3 will-o-the-wisps
  2 wolf spiders (Lair:5)
  An orc sorcerer (Swamp:2)
  9 ugly things
  5 elephants
  4 manticores
  A meliai (shapeshifter) (D:14)
  2 kobold blastminers (Orc:2)
  8 black mambas
  Joseph (D:7)
  A guardian serpent (Lair:5)
  4 naga magi
  3 vault sentinels (Vaults:1)
  7 torpor snails
  10 cane toads
  4 rime drakes
  11 komodo dragons
  A tengu conjurer (D:13)
  4 yaktaurs (Vaults:1)
  Maggie (D:7)
  An efreet (D:15)
  3 polar bears
  A queen bee (Lair:2)
  5 trolls
  20 hornets
  14 tyrant leeches
  13 blink frogs
  18 slime creatures
  A snapping turtle (Lair:2)
  A spriggan (shapeshifter) (D:13)
  10 spriggans
  A shadow (D:11)
  3 wraiths
  3 fire elementals
  A vampire (D:13)
  69 yaks
  17 wyverns
  A basilisk (shapeshifter) (D:15)
  23 vampire mosquitoes
  7 basilisks
  A steam dragon (D:8)
  5 wargs
  3 redbacks (Lair:5)
  10 nagas
  8 swamp worms
  An acid dragon (D:12)
  Duvessa (D:7)
  2 hell hounds (D:15)
  26 water moccasins
  13 orc warriors
  17 swamp drakes
  4 black bears
  3 sky beasts
  30 ogres
  15 centaurs
  11 wolves
  A phantom (D:9)
  3 kobold brigands
  14 bullfrogs
  2 gnoll sergeants
  3 scorpions
  4 wights
  A troll zombie (D:9)
  Dowan (D:7)
  31 killer bees
  5 howler monkeys
  An electric eel (Lair:2)
  4 bombardier beetles
  A hound (D:5)
  A jelly (D:6)
  11 orc priests
  A gnoll bouda (D:7)
  An iguana (D:5)
  4 sleepcaps
  Crazy Yiuf (D:4)
  13 orc wizards
  7 ogre zombies (D:9)
  11 gnolls
  4 adders
  3 white imps
  2 ufetubi (D:6)
  2 dart slugs
  49 orcs
  12 ball pythons
  3 endoplasms
  2 giant cockroaches
  4 goblins
  8 hobgoblins
  8 jackals
  2 quokkas
  5 bats
  5 frilled lizards
  4 gnoll skeletons (D:9)
  23 kobolds
  4 orc skeletons (D:9)
  17 orc zombies (D:9)
  6 rats
  A butterfly (Lair:5)
879 creatures vanquished.

Vanquished Creatures (others)
  4 bloated husks
  A spriggan (Swamp:3)
  A vampire mosquito (Swamp:2)
  A swamp worm (Swamp:2)
  2 orcs (Orc:2)
  24 foxfires
  3 spectral weapons
36 creatures vanquished.

Grand Total: 915 creatures vanquished

Notes
Turn   | Place    | Note
-------+----------+-------------------------------------------
     0 | D:1      | Arcadio the Armataur Gladiator began the quest for the Orb.
     0 | D:1      | Reached XP level 1. HP: 17/17 MP: 1/1
   189 | D:1      | Found Zuixt's Magic Scroll Emporium.
   191 | D:1      | Reached skill level 1 in Armour
   191 | D:1      | Reached XP level 2. HP: 24/24 MP: 2/2
   365 | D:1      | Found Zoset's General Store.
   478 | D:1      | Bought a scroll of identify for 26 gold pieces
   625 | D:2      | Reached XP level 3. HP: 15/29 MP: 3/3
   934 | D:2      | Reached skill level 2 in Armour
  1418 | D:2      | Found a glowing golden altar of the Shining One.
  1429 | D:2      | Became a worshipper of the Shining One
  1697 | D:3      | Found a faded altar of an unknown god.
  1840 | D:3      | Found Zouxon's Assorted Antiques.
  1873 | D:3      | Reached XP level 4. HP: 13/37 MP: 4/4
  2181 | D:3      | Found a bloodstained altar of Trog.
  2262 | D:3      | Found a broken altar of Ashenzari.
  2724 | D:4      | Found a runed translucent door.
  2725 | D:4      | Noticed Crazy Yiuf
  2947 | D:4      | Noticed a kobold brigand
  2996 | D:4      | Found an iron altar of Okawaru.
  3033 | D:4      | Fell from the grace of the Shining One
  3033 | D:4      | Became a worshipper of Warmaster Okawaru
  3046 | D:4      | Reached skill level 3 in Armour
  3046 | D:4      | Reached XP level 5. HP: 45/45 MP: 5/5
  3461 | D:4      | Killed Crazy Yiuf
  3462 | D:4      | Reached XP level 6. HP: 32/51 MP: 4/6
  3613 | D:5      | Entered Level 5 of the Dungeon
  3639 | D:5      | Reached * piety under Okawaru
  3640 | D:5      | Reached skill level 4 in Armour
  3915 | D:5      | Found a staircase to the Ecumenical Temple.
  3931 | Temple   | Entered the Ecumenical Temple
  4482 | D:6      | Noticed a water moccasin
  4487 | D:6      | Killed a water moccasin
  4488 | D:6      | Reached skill level 5 in Armour
  4488 | D:6      | Gained mutation: You regenerate magic and health when
                  | rolling toward enemies. (Rampage Regen) [Armataur growth]
  4488 | D:6      | Reached XP level 7. HP: 59/60 MP: 7/7
  4520 | D:6      | Reached skill level 5 in Maces & Flails
  4535 | D:6      | Found Sigauv's Tremendous Tomes.
  4951 | D:6      | Found a shadowy altar of Dithmenos.
  5258 | D:6      | HP: 1/54 [wight/+3 battleaxe of freezing (8)]
  5259 | D:6      | Reached ** piety under Okawaru
  5260 | D:6      | Reached skill level 5 in Fighting
  5456 | D:7      | Reached skill level 6 in Armour
  5499 | D:7      | Reached XP level 8. HP: 46/63 MP: 6/8
  5610 | D:7      | Noticed Duvessa
  5610 | D:7      | Noticed Dowan
  5618 | D:7      | Killed Duvessa
  5623 | D:7      | Killed Dowan
  5799 | D:7      | Reached skill level 7 in Armour
  5880 | D:7      | Reached *** piety under Okawaru
  5884 | D:7      | Noticed Maggie
  5891 | D:7      | Noticed Joseph
  6110 | D:7      | Killed Joseph
  6111 | D:7      | Reached skill level 8 in Armour
  6111 | D:7      | Reached XP level 9. HP: 38/78 MP: 4/9
  6259 | D:7      | Killed Maggie
  6359 | D:7      | Reached **** piety under Okawaru
  6701 | D:7      | Reached skill level 9 in Armour
  7061 | D:8      | Reached skill level 1 in Invocations
  7114 | D:8      | Paralysed by a hornet for 3 turns
  7483 | D:8      | Noticed Maurice
  7488 | D:8      | Maurice stole an amulet of magic regeneration
  7490 | D:8      | Maurice stole 4 throwing nets
  7491 | D:8      | Maurice stole a +0 flail
  7498 | D:8      | Maurice stole 428 gold
  7504 | D:8      | Killed Maurice
  7505 | D:8      | Reached XP level 10. HP: 73/88 MP: 4/11
  7662 | D:9      | Noticed a two-headed ogre
  7677 | D:9      | Killed a two-headed ogre
  7678 | D:9      | Reached skill level 10 in Armour
  7686 | D:9      | Reached ***** piety under Okawaru
  8128 | D:9      | Found a staircase to the Orcish Mines.
  8348 | D:9      | Found a staircase to the Lair.
  8699 | D:9      | You fall into a shaft and drop 3 floors!
  8739 | D:10     | Entered Level 10 of the Dungeon
  8762 | D:10     | Received a gift from Okawaru
  8763 | D:10     | Reached skill level 5 in Invocations
  8772 | D:10     | Reached skill level 11 in Armour
  8788 | D:10     | Reached XP level 11. HP: 71/95 MP: 11/14
  8906 | D:10     | Noticed a two-headed ogre
  8917 | D:10     | Killed a two-headed ogre
  9398 | Orc:1    | Entered Level 1 of the Orcish Mines
  9401 | Orc:1    | Noticed an orc knight
  9432 | D:9      | Killed an orc knight
 10039 | D:1      | Bought a scroll of identify for 26 gold pieces
 10039 | D:1      | Bought a scroll of identify for 26 gold pieces
 10039 | D:1      | Bought a scroll of identify for 26 gold pieces
 10039 | D:1      | Bought a scroll of identify for 26 gold pieces
 10039 | D:1      | Bought a scroll of revelation for 97 gold pieces
 10039 | D:1      | Bought a scroll of enchant armour for 97 gold pieces
 10039 | D:1      | Bought a scroll of brand weapon for 123 gold pieces
 10103 | D:3      | Bought a potion of curing for 81 gold pieces
 10103 | D:3      | Bought a potion of heal wounds for 135 gold pieces
 10285 | Orc:2    | Entered Level 2 of the Orcish Mines
 10289 | Orc:2    | Noticed an orc knight
 10356 | Orc:1    | Killed an orc knight
 11130 | Orc:2    | Noticed a two-headed ogre
 11324 | Lair:1   | Entered Level 1 of the Lair of Beasts
 11360 | D:9      | Received a gift from Okawaru
 12215 | Lair:1   | Reached skill level 12 in Armour
 12328 | Lair:1   | You fall into a shaft and drop 1 floor!
 12328 | Lair:2   | Noticed a five-headed hydra
 12395 | Lair:2   | Noticed a five-headed hydra
 12415 | Lair:2   | a five-headed hydra changed into a snapping turtle
 12835 | Lair:3   | Reached skill level 10 in Maces & Flails
 12868 | Lair:3   | Noticed a six-headed hydra
 12878 | Lair:3   | Killed a six-headed hydra
 12883 | Lair:3   | Identified the +5 dagger of the Blind Eye {protect, rF+ rC+
                  | rN+}
 12912 | Lair:3   | Found a staircase to the Snake Pit.
 12916 | Lair:3   | Reached skill level 10 in Fighting
 12940 | Lair:3   | Received a gift from Okawaru
 12941 | Lair:3   | Reached XP level 12. HP: 25/106 MP: 17/17
 15174 | Lair:3   | Reached skill level 13 in Armour
 15470 | Lair:2   | Received a gift from Okawaru
 15731 | Lair:3   | Killed a five-headed hydra
 16401 | Lair:2   | Identified the +2 halberd "Horaowk" {flame, Fly rN+ Will+
                  | Str+4}
 16979 | Lair:2   | Received a gift from Okawaru
 17090 | Lair:2   | Found a staircase to the Swamp.
 17413 | Lair:3   | Reached XP level 13. HP: 114/116 MP: 19/19
 18037 | Lair:3   | Reached skill level 14 in Armour
 19741 | Lair:4   | Found the +3 warlock's mirror {omnireflect}
 20023 | Lair:4   | Found a staircase to the Slime Pits.
 20026 | Lair:4   | Found a viscous altar of Jiyva.
 20029 | Lair:4   | Noticed Rupert
 20052 | Lair:5   | Entered Level 5 of the Lair of Beasts
 20578 | Lair:5   | Reached ****** piety under Okawaru
 20578 | Lair:5   | Received a gift from Okawaru
 20603 | Lair:5   | Acquired the +2 barding of Putuklu {rPois Str+3 Int-2 SInv}
 20603 | Lair:5   | Received a gift from Okawaru
 20632 | Lair:5   | Acquired a +2 eveningstar of protection
 20632 | Lair:5   | Received a gift from Okawaru
 20721 | Lair:5   | Reached skill level 10 in Invocations
 21169 | Arena    | Entered the Arena
 21588 | Lair:5   | Reached skill level 15 in Armour
 22028 | Lair:5   | Received a gift from Okawaru
 22029 | Lair:5   | Reached XP level 14. HP: 95/126 MP: 21/21
 22934 | Lair:5   | Identified the +1 robe of the Rambutan {rPois rC+ Dex+4
                  | Stlth+}
 22941 | Lair:5   | Identified the +0 pair of gloves of Ziwi {+Inv Will+ Str-4}
 23732 | Orc:1    | Reached skill level 1 in Shields
 24067 | Orc:1    | Received a gift from Okawaru
 24190 | Orc:2    | Paralysed by an ogre mage for 3 turns
 24958 | Orc:2    | Received a gift from Okawaru
 25005 | Orc:2    | Found a staircase to the Elven Halls.
 25084 | Orc:2    | Reached skill level 16 in Armour
 25126 | Orc:2    | Found Qoxzukh's Antique Weapon Shop.
 25126 | Orc:2    | Found Doxoturhi's Weapon Shoppe.
 25127 | Orc:2    | Found Somoxucs's Book Emporium.
 25127 | Orc:2    | Found Exiof's Antique Weapon Shop.
 25147 | Orc:2    | Found Tusi's Jewellery Shop.
 25154 | Orc:2    | Bought the ring "Ceperal" {Will+ Str+5 Dex+6} for 827 gold
                  | pieces
 25753 | Orc:1    | Noticed a green very ugly thing
 25754 | Orc:1    | Found a transporter.
 25784 | Orc:1    | Found a transporter.
 25807 | Orc:1    | Noticed nms23's ghost (journeyman MiBe)
 26597 | D:11     | Found Feskyudu's Assorted Antiques.
 26839 | D:11     | Found a transporter.
 26952 | D:11     | Found Lijid's General Store.
 26964 | D:11     | Noticed Pascal76's ghost (journeyman MiFi)
 27124 | D:11     | Found a bloodstained altar of Trog.
 27125 | D:11     | Found a transporter.
 27216 | Orc:2    | Bought the amulet of the Four Winds {rN+ Will+++ Clar} for
                  | 849 gold pieces
 27216 | Orc:2    | Found the amulet of the Four Winds {rN+ Will+++ Clar}
 27947 | D:12     | Reached skill level 5 in Shields
 28198 | D:12     | Reached XP level 15. HP: 96/135 MP: 23/23
 28367 | D:12     | Noticed a walking crystal tome
 28368 | D:12     | Found Eparem's Book Shoppe.
 28368 | D:12     | Noticed a walking frostbound tome
 28979 | D:13     | Found Zonwablatri's Antique Armour Emporium.
 29025 | D:13     | Received a gift from Okawaru
 29346 | D:13     | Found Ywnum's Fire Supplies.
 29838 | D:13     | Found a gate to the Vaults.
 30384 | D:14     | Received a gift from Okawaru
 30768 | D:15     | Entered Level 15 of the Dungeon
 30790 | D:15     | Reached skill level 17 in Armour
 31180 | D:15     | Found a staircase to the Depths.
 31317 | D:15     | Received a gift from Okawaru
 31404 | D:15     | Noticed Azrael
 31421 | D:15     | Killed Azrael
 31422 | D:15     | Identified the +2 pair of gloves "Ungarghu" {Harm rC+ Str+5
                  | Int-4}
 31665 | D:15     | Found a stormy altar of Qazlal.
 32012 | D:15     | Found an iron altar of Okawaru.
 32286 | Snake:1  | Entered Level 1 of the Snake Pit
 32294 | Arena    | Entered the Arena
 32372 | Snake:1  | HP: 4/137 [naga/+2 long sword of freezing (13)]
 32372 | Snake:1  | HP: 1/137 [naga/+2 long sword of freezing (3)]
 32390 | Arena    | Entered the Arena
 32619 | Swamp:1  | Entered Level 1 of the Swamp
 33099 | Lair:1   | Reached XP level 16. HP: 135/146 MP: 25/25
 33881 | D:11     | Bought a +2 pair of gloves of strength for 301 gold pieces
 33985 | Orc:2    | Bought the amulet of Fanaticism {Will++ Regen+ rCorr Str-5}
                  | for 645 gold pieces
 34150 | Lair:2   | Received a gift from Okawaru
 35654 | Swamp:2  | Reached skill level 18 in Armour
 36640 | Swamp:3  | Noticed Donald
 36769 | Swamp:3  | Killed Donald
 37140 | Swamp:3  | Noticed Mara
 37143 | Swamp:3  | Noticed Arcadio's illusion
 37143 | Arena    | Entered the Arena
 37151 | Arena    | Killed Mara
 37527 | Swamp:4  | Entered Level 4 of the Swamp
 38331 | Swamp:4  | Received a gift from Okawaru
 38564 | Swamp:4  | Reached skill level 15 in Maces & Flails
 38658 | Swamp:4  | Got a decaying rune of Zot
 39296 | Vaults:1 | Entered Level 1 of the Vaults
 39309 | Vaults:1 | Reached XP level 17. HP: 154/154 MP: 27/27
 39351 | Vaults:1 | Received a gift from Okawaru
 39357 | Vaults:1 | Reached skill level 15 in Fighting
 39421 | Vaults:1 | Found a gateway to a bazaar.
 39427 | Bazaar   | Entered a bazaar
 39427 | Bazaar   | Found Cauhufe's Magic Scroll Emporium.
 39427 | Bazaar   | Found Etzikuh's Book Shoppe.
 39427 | Bazaar   | Found Patoad's Book Shop.
 39429 | Bazaar   | Found Texzou's General Store.
 39485 | Bazaar   | Bought a scroll of blinking for 97 gold pieces
 39485 | Bazaar   | Bought a scroll of enchant armour for 97 gold pieces
 39485 | Bazaar   | Bought a scroll of teleportation for 39 gold pieces
 39491 | Bazaar   | Bought a scroll of brand weapon for 114 gold pieces
 39491 | Bazaar   | Bought a potion of curing for 36 gold pieces
 39491 | Bazaar   | Bought a potion of cancellation for 96 gold pieces
 39501 | Bazaar   | Bought a wand of mindburst (5) for 84 gold pieces
 39851 | Vaults:1 | Reached skill level 19 in Armour
 40562 | Vaults:1 | Noticed a quicksilver dragon
 40570 | Vaults:1 | Killed a quicksilver dragon
 41003 | Vaults:1 | Killed from afar by an ironbound frostheart

Illustrated notes

Levels and vault maps discovered:
D:1:      dpeg_arrival_central, layout_rooms, serial_shops, shop,
          nicolae_shop_crystal
D:2:      layout_basic, basic_altar, minmay_tromino_v7
D:3:      layout_basic, mainiacjoe_overflow_catwalk_spiral, serial_shops, shop,
          basic_ecumenical_altar
D:4:      cheibrodos_thug_alley, layout_basic,
          mainiacjoe_overflow_small_starburst, uniq_crazy_yiuf_cottage
D:5:      layout_loops_ring, minmay_temple_entry_slanted,
          kennysheep_generic_room_13
D:6:      layout_loops_ring, kennysheep_little_box, corexii_hall_statues_i,
          nicolae_shop_i_like_big_books, minmay_misc_feat_doors,
          kennysheep_small_square
D:7:      layout_basic, minmay_misc_feat_iff, chequers_avenue, uniq_duvessa,
          uniq_maggie, uniq_joseph
D:8:      layout_gridville, uniq_maurice
D:9:      layout_loops_cross, grunt_lair_entry_orc_guard_hut, zombieorc2_lemuel,
          st_stairs_9, hangedman_abyss_or_decor_passed
D:10:     layout_cave_pods, statue_in_the_mist_lemuel
D:11:     layout_basic, gammafunk_ghost_wrathful_warriors, serial_shops, shop,
          shop
D:12:     layout_irregular_city, serial_shops, nicolae_shop_mannequins
D:13:     minmay_recursive_quarters, layout_basic,
          hellmonk_vaults_order_and_chaos, serial_shops,
          nicolae_shop_behind_doors, nicolae_shop_fire_sale
          [nicolae_sub_dead_trees]
D:14:     layout_cave_pools, minmay_holes, grunt_ministairs_4
D:15:     grunt_enter_depths_hoard, layout_loops_cross,
          nicolae_kite_square_tiling_tiny, hangedman_feature_mirror, uniq_azrael
Temple:   hc_temple_tempest_star
Lair:1:   layout_cave_pods, beast_lair_carwin_9
Lair:2:   layout_roguey [special_room_bee], minmay_swamp_entry_swarm, pond
Lair:3:   layout_gridlike, minmay_snake_entry_guardpost_small
Lair:4:   layout_regular_city, slime_entry_1, grunt_megastairs_5, uniq_rupert
Lair:5:   wormcave, layout_long_grid, hangedman_lair_tendril_chambers,
          lemuel_fruit_fields
Swamp:1:  layout_basic_swamp, evilmike_swamp_ruin_house_4
Swamp:2:  layout_basic_swamp, serial_swamp_ruin, evilmike_swamp_ruin_house_3,
          evilmike_swamp_ruin_house_5, evilmike_swamp_ruin_house_2,
          swamp_pool_5, grunt_hermit_hut
Swamp:3:  layout_basic_swamp, nicolae_swamp_dense_foliage, uniq_mara,
          uniq_donald
Swamp:4:  swamp_alternative, layout_basic_swamp, swamp_pool_4
Snake:1:  layout_misc_corridors, ebering_ghost_xom,
          nicolae_coiled_stairwell_down
Orc:1:    layout_caves, gammafunk_ghost_abyssal_escape, nicolae_orc_damp_corner
Orc:2:    st_orc_ogre_mass, layout_caves, serial_shops, shop
Vaults:1: v_alt_pattern_5, nicolae_vaults_shrinking_rooms_1, v_rooms_3,
          hangedman_vaults_restitches, vaults_dpeg_encased_lava, v_misc_23,
          ontoclasm_vaults_eye, hangedman_vaults_maws, ontoclasm_vaults_gateway,
          grunt_vaults_hallway_long, layout_vaults_maze_bifur, serial_shops,
          bzr_in_the_mist

Skill      XL: |  1  2  3  4  5  6  7  8  9 10 11 12 13 14 15 16 17 |
---------------+----------------------------------------------------+-----
Fighting       | 2 3 4 5 6 7 8 10 11 12 13 14 15 | 15.2
Armour         | 1 2 3 5 6 8 9 11 12 13 15 16 17 18 19 | 19.1
Maces & Flails | 3 4 5 6 8 9 10 11 12 13 14 15 | 15.3
Invocations    | 2 5 7 9 10 11 13 14 | 14.7
Shields        | 5 |  5.0
Throwing       | |  1.7
Dodging        | |  2.1

Action                     |  1- 3 |  4- 6 |  7- 9 | 10-12 | 13-15 | 16-18 || total
---------------------------+-------+-------+-------+-------+-------+-------++-------
  Melee: Flail             |   144 |   106 |   245 |   948 |   149 |       ||  1592
         Tailslap          |    11 |    16 |    43 |   169 |   301 |   146 ||   686
         Punch             |     1 |     1 |     3 |    16 |     7 |       ||    28
         Morningstar       |       |       |       |       |  1317 |   557 ||  1874
         Eveningstar       |       |       |       |       |       |   118 ||   118
  Throw: Boomerang         |       |       |       |     6 |       |       ||     6
         Javelin           |       |       |       |       |     8 |     3 ||    11
 Invoke: Heroism           |       |       |     3 |     7 |     9 |     4 ||    23
         Finesse           |       |       |       |       |     3 |     1 ||     4
         Duel              |       |       |       |       |     3 |     1 ||     4
         Receive Weapon    |       |       |       |       |     1 |       ||     1
         Receive Armour    |       |       |       |       |     1 |       ||     1
  Evoke: Wand              |       |       |     1 |    10 |     1 |       ||    12
    Use: Scroll            |     5 |     3 |     2 |    14 |    19 |     6 ||    49
         Potion            |       |     2 |       |     6 |    13 |     4 ||    25
   Stab: Distracted        |       |       |       |       |       |     2 ||     2
 Armour: Leather armour    |    15 |       |       |       |       |       ||    15
         Ring mail         |    39 |       |       |       |       |       ||    39
         Scale mail        |    79 |       |       |       |       |       ||    79
         Plate armour      |    19 |    82 |   226 |   794 |   562 |       ||  1683
         Fire dragon scale |       |       |       |       |   807 |   669 ||  1476
  Dodge: Dodged            |    59 |    28 |   136 |   549 |   823 |   335 ||  1930
  Block: Other             |       |       |       |   125 |   137 |       ||   262
         Buckler           |       |       |       |       |   261 |   169 ||   430
